 Dungeon Crawl Stone Soup version 0.13-a0-2630-gc2a47ca (console) character file.

366 Chozo the Chopper (level 4, -1/36 HPs)
             Began as a Lava Orc Skald on Aug 5, 2013.
             Slain by an ogre
             ... wielding a cursed -3,-2 giant club
              (24 damage)
             ... on Level 3 of the Dungeon.
             The game lasted 00:05:47 (2147 turns).

Chozo the Chopper (Lava Orc Skald)                  Turns: 2147, Time: 00:05:47

HP  -1/36        AC  3     Str 14      XL: 4   Next: 97%
MP   5/8         EV 10     Int 13      God:
Gold 231         SH  0     Dex 10      Spells:  3 memorised,  1 level left

Res.Fire  : + + +   See Invis. : .   a - +0 orc hand axe {=f}
Res.Cold  : x . .   Warding    : .   b - +0 orc leather armour
Life Prot.: . . .   Conserve   : .   (no shield)
Res.Poison: +       Res.Corr.  : .   (no helmet)
Res.Elec. : .       Clarity    : .   (no cloak)
Sust.Abil.: . .     Spirit.Shd : .   (no gloves)
Res.Mut.  : .       Stasis     : .   (no boots)
Res.Rott. : .       Flight     : .   (no amulet)
Saprovore : + . .                    (no ring)
                                     q - ring of poison resistance {unknown}

@: quick, slightly resistant to hostile enchantments, very unstealthy
A: conserve scrolls, saprovore 1
a: no special abilities


You were on level 3 of the Dungeon.
You were not hungry.

You visited 1 branch of the dungeon, and saw 3 of its levels.

You collected 211 gold pieces.

Inventory:

Hand weapons
 a - a +0,+0 orcish hand axe (weapon) {=f}
Armour
 b - a +0 orcish leather armour (worn)
Comestibles
 d - 2 meat rations
 j - a choko
 l - a sausage
 p - a bread ration
 r - a chunk of rat flesh
Scrolls
 e - 3 scrolls of fog
 f - a scroll of amnesia
 h - 2 scrolls of identify {unknown}
 k - a scroll of magic mapping {unknown}
 m - a scroll of curse weapon {unknown}
 n - a scroll of enchant weapon II {unknown}
 s - a scroll of curse armour {unknown}
Jewellery
 q - a ring of poison resistance (left hand) {unknown}
Potions
 g - a potion of agility
 i - 3 potions of curing
 o - a potion of might
Books
 c - a book of Battle

   Spells                             Type                      Level
   *Infusion                          Charms                       1
   *Shroud of Golubria                Charms/Translocation         2
   Song of Slaying                    Charms                       2
   Spectral Weapon                    Hexes/Charms                 3
   *Regeneration                      Charms/Necromancy            3
   Song of Shielding                  Charms                       4


   Skills:
 + Level 2.9 Fighting
 * Level 4.4 Axes
 + Level 2.2 Armour
 - Level 1.0 Dodging
 - Level 2.0 Spellcasting
 - Level 3.0 Charms
 - Level 1.0 Necromancy


You had one spell level left.
You knew the following spells:

 Your Spells              Type           Power        Failure   Level  Hunger
a - Infusion              Chrm           #.....       10%         1    ##.....
b - Shroud of Golubria    Chrm/Tloc      #.........   21%         2    ###....
c - Regeneration          Chrm/Necr      #.........   34%         3    ####...


Dungeon Overview and Level Annotations

Branches:
Dungeon (3/27)

Altars:
Kikubaaqudgha
Makhleb
Nemelex Xobeh
Okawaru
Trog
Yredelemnul


Innate Abilities, Weirdness & Mutations

You have stony skin.
You cover ground quickly.
Your flesh is almost immune to the effects of heat.
Your fire spells are more powerful.
Your flesh is vulnerable to cold.
Your heat harms attackers.
You bathe your surroundings in blazing heat.
You are too hot to use scrolls.
You are very good at protecting items from fire.
You can tolerate rotten meat.


Message History

You hit the ogre.
The ogre is moderately wounded.
Your shroud begins to fray at the edges.
The ogre hits you with a giant club.
Your shroud falls apart!
The ogre appears unharmed.
You hit the ogre.
The ogre is moderately wounded.
You hit the ogre.
The ogre is heavily wounded.
The ogre is burned by your radiant heat.
The ogre is heavily wounded.
The ogre barely misses you.
You hit the ogre.
The ogre is severely wounded.
The ogre is burned by your radiant heat.
The ogre is severely wounded.
The ogre hits you with a giant club!
Ouch! That really hurt!
You die...

.# #.##..........##.#..
.# #.#....<.[....##<###
.# #.#...........##§# .#
..##.#...........##§# >#
#....##.#.#######.####§#
.# #....##.#.# #.# #[#
.# #....##.#.# #.# #.#
.# #....##.#.# #.# #.#
.# #....##.#@# #.# #.#
.# #....##.#O# #.# #.#
.#
#....##.#.#######.####.#
.#
#.....%................#
.#
###.###.......###.####.#
.#########.#
#................#
.........#.#
#.......###.####.#
.........#.# #.......#
#.# #.# ......>....#
#.......# #.# #%#


You could see an ogre.

Vanquished Creatures
  6 adders
  A worm (D:2)
  An ooze (D:2)
  A giant gecko (D:1)
  An orc (D:3)
  7 giant cockroaches
  9 goblins
  7 hobgoblins
  5 jackals
  4 quokkas
  11 bats
  2 giant newts (D:1)
  3 kobolds
  11 rats
69 creatures vanquished.

Notes
Turn   | Place    | Note
--------------------------------------------------------------
     0 | D:1      | Chozo, the Lava Orc Skald, began the quest for the Orb.
     0 | D:1      | Reached XP level 1. HP: 16/16 MP: 3/3
    99 | D:1      | Reached skill level 3 in Charms
   108 | D:1      | Reached XP level 2. HP: 10/23 MP: 0/4
   112 | D:1      | Learned a level 2 spell: Shroud of Golubria
   437 | D:1      | Reached skill level 1 in Dodging
   786 | D:2      | Reached XP level 3. HP: 23/28 MP: 6/6
   811 | D:2      | Learned a level 3 spell: Regeneration
  1415 | D:2      | Reached XP level 4. HP: 26/36 MP: 8/8
  1713 | D:3      | Reached skill level 1 in Necromancy
  1946 | D:3      | Reached skill level 4 in Axes
  2071 | D:3      | Found a bloodstained altar of Trog.
  2073 | D:3      | Found an ancient bone altar of Kikubaaqudgha.
  2076 | D:3      | Found a burning altar of Makhleb.
  2076 | D:3      | Found a basalt altar of Yredelemnul.
  2077 | D:3      | Found a sparkling altar of Nemelex Xobeh.
  2090 | D:3      | Found an iron altar of Okawaru.
  2113 | D:3      | Noticed an ogre
  2147 | D:3      | Slain by an ogre

Action                   |  1- 3 |  4- 6 || total
-------------------------+-------+-------++-------
Melee: Hand axe          |   139 |    96 ||   235
 Cast: Infusion          |    15 |     6 ||    21
       Shroud of Golubri |     2 |     3 ||     5
  Use: Potion            |     4 |     1 ||     5
       Scroll            |       |     2 ||     2
